 Dungeon Crawl Stone Soup version 0.21.1-1-g345015fe64 (webtiles) character file.

1024 Jouvetroll the Slinger (level 8, -1/54 HPs)
             Began as a Halfling Hunter on Feb 11, 2018.
             Slain by a bullfrog (4 damage)
             ... in a sewer.
             The game lasted 00:10:48 (4096 turns).

Jouvetroll the Slinger (Halfling Hunter)            Turns: 4096, Time: 00:10:48

Health: -1/54      AC:  6    Str: 13    XL:     8   Next: 46%
Magic:  8/8        EV: 14    Int: 10    God:
Gold:   317        SH:  0    Dex: 16    Spells: 7/7 levels left

rFire    . . .     SeeInvis .   a - +2 hunting sling
rCold    . . .     Gourm    .   (shield restricted)
rNeg     . . .     Faith    .   c - +1 leather armour
rPois    .         Spirit   .   m - +0 helmet
rElec    .         Reflect  .   (no cloak)
rCorr    .         Harm     +   (no gloves)
MR       +....                  d - +0 pair of boots
Stlth    +++.......             h - amulet of harm
HPRegen  0.18/turn              p - ring of protection from magic
MPRegen  0.11/turn              (no ring)

@: flying
A: small, mutation resistance 1
a: no special abilities


You were in a sewer.
You were not hungry.

You visited 1 branch of the dungeon, and saw 5 of its levels.
You also visited: Sewer.

You collected 317 gold pieces.

Inventory:

Hand Weapons
 a - a +2 hunting sling (weapon)
 b - a +0 short sword
Missiles
 i - 108 stones
 l - 3 sling bullets (quivered)
Armour
 c - a +1 leather armour (worn)
 d - a +0 pair of boots (worn)
 m - a +0 helmet (worn)
Jewellery
 h - an amulet of harm (around neck)
 o - a +4 ring of protection {unknown}
 p - a ring of protection from magic (left hand)
Scrolls
 g - 2 scrolls of teleportation
 j - 2 scrolls of amnesia
 v - a scroll of fog
 y - a scroll of remove curse
Potions
 r - 5 potions of brilliance
 t - a potion of magic
Books
 u - a book of Maledictions

   Spells                             Type                      Level
   a - Corona                         Hexes                        1
   b - Ensorcelled Hibernation        Hexes/Ice                    2
   c - Confuse                        Hexes                        3
   d - Tukima's Dance                 Hexes                        3
   e - Dazzling Spray                 Conjuration/Hexes            3
 w - a book of Geomancy

   Spells                             Type                      Level
   a - Sandblast                      Earth                        1
   b - Passwall                       Transmutation/Earth          2
   c - Stone Arrow                    Conjuration/Earth            3
   d - Petrify                        Transmutation/Earth          4
   e - Lee's Rapid Deconstruction     Earth                        5
Comestibles
 f - 9 rations


   Skills:
 + Level 3.7 Fighting
 + Level 4.2 Short Blades
 + Level 8.8(9.0) Slings
 - Level 1.2(4.0) Throwing
 - Level 2.1 Dodging
 - Level 7.0 Stealth


You had 7 spell levels left.
You didn't know any spells.

Dungeon Overview and Level Annotations

Branches:
Dungeon (5/15)             Temple (0/1) D:5

Altars:


Innate Abilities, Weirdness & Mutations

You are small and have problems with some larger weapons.
You are somewhat resistant to further mutation.


Message History

* * * LOW HITPOINT WARNING * * *
The adder closely misses you. The ball python barely misses you.
The ball python constricts you.
You escape the ball python's grasp.
The adder bites you but does no damage. The ball python closely misses you.
The ball python misses you. The adder barely misses you.
The bullfrog hits you but does no damage.
The adder barely misses you. The adder bites you but does no damage.
The ooze jiggles.
You are too injured to fight recklessly!
You are too injured to fight recklessly!
Firing (i - inventory. (,) - cycle):
l - 4 sling bullets (quivered)
Press: ? - help, Shift-Dir - straight line, f/p - adder
Aim: an adder (heavily wounded)
You shoot a sling bullet. The sling bullet hits the bullfrog.
The bullfrog is heavily wounded.
The bullfrog barely misses you. The bullfrog hits you.
* * * LOW HITPOINT WARNING * * *
The adder barely misses you. The bullfrog hits you.
You die...

##.#≈≈≈≈≈≈≈#≈#≈≈≈≈≈†.†...#
####################.†..#
##...## *** #####...# ,,*
#..'....# ∩,* #..#....#
,,* ####...##
+**##################...†#
,,.#≈≈≈≈≈≈≈≈≈≈SF@≈≈#.....#
,,..≈≈≈≈≈≈≈≈≈≈≈SFS≈.....##
,,..≈(≈≈≈≈≈≈≈≈≈S≈S≈.....#
,,.≈≈≈≈≈≈≈≈≈≈J≈≈≈≈≈.....#
,,,≈≈≈≈≈#≈(.≈≈≈≈≈≈≈≈...##
,,..≈≈≈≈≈≈≈≈≈≈≈≈≈≈≈..###
**####################


You could see 2 bullfrogs, an ooze, 2 adders and 3 ball pythons.

Vanquished Creatures
  An ice beast (D:5)
  The ghost of chimenez the Chucker, an amateur TrHu (D:3)
  2 ogres (D:4)
  A scorpion (D:4)
  2 crimson imps
  A jelly (D:5)
  An orc priest (D:3)
  4 orc wizards
  Jessica (D:2)
  An iguana (D:4)
  2 worker ants (D:4)
  7 gnolls (D:4)
  4 river rats (Sewer)
  7 adders
  3 worms
  3 dart slugs (D:1)
  3 leopard geckos
  8 orcs
  9 ball pythons (Sewer)
  9 bats
  5 giant cockroaches
  6 goblins
  8 hobgoblins
  3 frilled lizards
  10 kobolds
  39 rats
141 creatures vanquished.

Notes
Turn   | Place    | Note
-------+----------+-------------------------------------------
     0 | D:1      | Jouvetroll the Halfling Hunter began the quest for the Orb.
     0 | D:1      | Reached XP level 1. HP: 14/14 MP: 1/1
   101 | D:1      | Reached skill level 6 in Slings
   194 | D:1      | Reached XP level 2. HP: 11/19 MP: 2/2
   537 | D:1      | Reached XP level 3. HP: 24/24 MP: 3/3
  1234 | D:2      | Noticed Jessica
  1239 | D:2      | Killed Jessica
  1239 | D:2      | Reached skill level 7 in Slings
  1239 | D:2      | Reached XP level 4. HP: 29/29 MP: 4/4
  1384 | D:2      | Found a faded altar of an unknown god.
  1458 | D:2      | Reached skill level 1 in Throwing
  1624 | D:2      | Reached XP level 5. HP: 33/34 MP: 5/5
  1901 | D:3      | Noticed chimenez's ghost (amateur TrHu)
  2281 | D:3      | Reached skill level 5 in Stealth
  2281 | D:3      | Reached XP level 6. HP: 36/39 MP: 6/6
  2383 | D:3      | Killed chimenez's ghost
  2794 | D:4      | Reached XP level 7. HP: 44/44 MP: 7/7
  2815 | D:4      | Reached skill level 1 in Short Blades
  3349 | D:4      | Reached skill level 8 in Slings
  3378 | D:4      | Reached XP level 8. HP: 47/52 MP: 8/8
  3514 | D:5      | Entered Level 5 of the Dungeon
  3719 | D:5      | Found a glowing drain.
  3724 | Sewer    | Entered a sewer
  4096 | Sewer    | Slain by a bullfrog

Skill      XL: |  1  2  3  4  5  6  7  8 |
---------------+-------------------------+-----
Slings         | 6 7 8 |  8.8
Stealth        | 2 3 5 7 |  7.0
Throwing       | 1 |  1.2
Fighting       | 3 |  3.7
Short Blades   | 3 4 |  4.2
Dodging        | |  2.1

Action                   |  1- 3 |  4- 6 |  7- 9 || total
-------------------------+-------+-------+-------++-------
 Fire: Hunting sling     |    67 |   168 |   159 ||   394
  Use: Scroll            |     3 |     7 |     6 ||    16
       Potion            |       |     1 |    11 ||    12
  Eat: Ration            |     1 |     1 |     1 ||     3
Armor: Leather armour    |     3 |     5 |    17 ||    25
Dodge: Dodged            |     8 |    21 |    53 ||    82
